 Dungeon Crawl Stone Soup version 0.26-a0-664-gc8b27b8fc1 (webtiles) character file.

Game seed: 11780478652721475995

1544750 Flugkiller the Eviscerator (level 24, 106/106 HPs)
             Began as a Felid Transmuter on Oct 13, 2020.
             Was the Champion of Ashenzari.
             Escaped with the Orb
             ... and 3 runes!
             The game lasted 03:01:18 (73150 turns).

Flugkiller the Eviscerator (Felid Transmuter)      Turns: 73150, Time: 03:01:18

Health: 106/106    AC:  3    Str:  2      XL:     24   Next: 1%
Magic:  40/40      EV: 38    Int: 21      God:    Ashenzari [******]
Gold:   2053       SH:  0    Dex: 21 (22) Spells: 2/47 levels left
                                        Lives:  2   Deaths: 1

rFire    + . .     SeeInvis +     - Unarmed
rCold    + + +     Faith    .   (shield unavailable)
rNeg     . . .     Spirit   .   (armour unavailable)
rPois    .         Reflect  .   (helmet unavailable)
rElec    .         Harm     .   (cloak unavailable)
rCorr    .         Rampage  .   (gloves unavailable)
MR       +++..     Clarity  +   (boots unavailable) Stlth ++........Rnd*Tele +
                                e - amulet of the acrobat (curse)
HPRegen  0.27/turn              L - ring of protection from fire (curse)
MPRegen  0.27/turn              S - ring of Pride {rC+++ Int+3 Slay+4 Stlth-} (curse)

@: bezotted, quick
A: very small, no armour, no weapons or thrown items, stealth, antennae 1, claws
1, fangs 3, see invisible, deterioration 1, dopey 1, speed 1, frail 1, shaggy
fur 3, teleportitis 1, weak 2, sharp paws
0: Orb of Zot
}: 3/15 runes: barnacled, abyssal, gossamer
a: Curse Item, Scrying, Transfer Knowledge, Renounce Religion


You escaped.
You worshipped Ashenzari.
Ashenzari was exalted by your worship.
You visited 9 branches of the dungeon, and saw 46 of its levels.
You visited the Abyss 1 time.
You visited 3 bazaars.
You also visited: Trove and Ice Cave.

You collected 6350 gold pieces.
You spent 4297 gold pieces at shops.

Inventory:

Jewellery
 e - a cursed amulet of the acrobat (around neck)
   (You took it off a hobgoblin on level 2 of the Dungeon)
 f - a +4 ring of evasion
   (You found it on level 2 of the Spider Nest)
 g - a +4 ring of protection
   (You found it on level 1 of the Dungeon)
 H - an uncursed ring of protection from magic
   (You found it on level 5 of the Lair of Beasts)
 L - a cursed ring of protection from fire (left paw)
   (You found it on level 3 of the Spider Nest)
 S - the cursed ring of Pride (right paw) {rC+++ Int+3 Slay+4 Stlth-}
   (You found it in a treasure trove)

   [ring of slaying]

   It affects your intelligence (+3).
   It affects your accuracy and damage with ranged weapons and melee attacks
   (+4).
   It renders you almost immune to cold.
   It makes you less stealthy.
   It has a curse placed upon it.
Wands
 s - a wand of enslavement (4)
   (You bought it in a shop on level 7 of the Dungeon)
 v - a wand of paralysis (27)
   (You found it on level 10 of the Dungeon)
 x - a wand of polymorph (30)
   (You found it on level 10 of the Dungeon)
 y - a wand of digging (8)
   (You found it on level 11 of the Dungeon)
 z - a wand of flame (83)
   (You bought it in a shop on level 11 of the Dungeon)
 K - a wand of iceblast (36)
   (You took it off Joseph on level 7 of the Dungeon)
 Q - a wand of acid (9)
   (You found it on level 14 of the Dungeon)
 R - a wand of disintegration (7)
   (You found it in a treasure trove)
Scrolls
 a - 2 scrolls of magic mapping
 l - a scroll of amnesia
 m - 9 scrolls of fog
 t - 10 scrolls of teleportation
 B - a scroll of vulnerability
 E - 24 scrolls of remove curse
 I - 14 scrolls of identify
 N - a scroll of immolation
 P - 4 scrolls of fear
Potions
 b - 4 potions of brilliance
 k - 2 potions of haste
 n - 3 potions of cancellation
 o - 6 potions of stabbing
 p - a potion of berserk rage
 q - 3 potions of invisibility
 u - 6 potions of might
 D - 3 potions of curing
 G - 5 potions of lignification
 J - 12 potions of flight
 M - a potion of magic
 V - 3 potions of mutation
Miscellaneous
 C - a tin of tremorstones (3/3)
   (You found it on level 5 of the Lair of Beasts)
 F - a condenser vane (2/2)
   (You found it on level 11 of the Dungeon)
 O - a box of beasts (3/3)
   (You bought it in a shop in a bazaar)


   Skills:
 - Level 18.0 Fighting
 - Level 22.0 Dodging
 - Level 15.0 Stealth
 - Level 25.0 Unarmed Combat
 + Level 12.1 Spellcasting
 - Level 2.4(6.0) Conjurations
 - Level 8.6(13.0) Hexes
 - Level 11.8(16.0) Summonings
 - Level 9.7(14.0) Translocations
 - Level 8.0(12.5) Transmutations
   Level 2.4(6.0) Fire Magic
   Level 4.0(8.2) Ice Magic
 - Level 8.6(13.0) Earth Magic
   Level 1.0(3.5) Poison Magic
 - Level 7.5(12.0) Evocations


You had 2 spell levels left.
You knew the following spells:

 Your Spells              Type           Power        Failure   Level
a - Invisibility          Hex            ######..     3%          6
b - Shadow Creatures      Summ           N/A          1%          6
c - Dragon Form           Tmut           ######....   26%         7
e - Summon Mana Viper     Hex/Summ       ######..     1%          5
f - Statue Form           Tmut/Erth      ######...    4%          6
g - Summon Forest         Summ/Tloc      ######....   1%          5
i - Irradiate             Conj/Tmut      ######....   3%          5
q - Apportation           Tloc           ######       0%          1
w - Passage of Golubria   Tloc           N/A          1%          4

Your spell library contained the following spells:

 Spells                   Type           Power        Failure   Level
 Summon Small Mammal      Summ           ####         0%          1
 Call Imp                 Summ           ######..     0%          2
 Beastly Appendage        Tmut           ######       1%          1
 Corona                   Hex            ######.      1%          1
 Freeze                   Ice            ####         1%          1
 Magic Dart               Conj           ####         1%          1
 Sandblast                Erth           ######       1%          1
 Sting                    Tmut/Pois      ####         1%          1
 Blink                    Tloc           N/A          1%          2
 Ensorcelled Hibernation  Hex/Ice        ######       1%          2
 Passwall                 Tmut/Erth      ######..     1%          2
 Searing Ray              Conj           #####.       1%          2
 Slow                     Hex            ######..     1%          2
 Wereblood                Tmut           ######..     1%          2
 Poisonous Vapours        Pois/Air       ###...       3%          2
 Animate Skeleton         Necr           ###...       4%          1
 Pain                     Necr           ###.         4%          1
 Corpse Rot               Necr/Air       N/A          6%          2
 Call Canine Familiar     Summ           ######..     1%          3
 Confusing Touch          Hex            ######..     1%          3
 Conjure Flame            Conj/Fire      #####...     1%          3
 Dazzling Flash           Conj/Hex       ######       1%          3
 Frozen Ramparts          Ice            #####.       1%          3
 Gell's Gravitas          Tloc           ######....   1%          3
 Ignite Poison            Fire/Tmut/Pois #####...     1%          3
 Inner Flame              Hex/Fire       ######..     1%          3
 Lesser Beckoning         Tloc           ######....   1%          3
 Ozocubu's Armour         Ice            #####...     1%          3
 Spider Form              Tmut/Pois      #####.....   1%          3
 Stone Arrow              Conj/Erth      ######       1%          3
 Summon Guardian Golem    Hex/Summ       ######..     1%          3
 Teleport Other           Tloc           ######..     1%          3
 Tukima's Dance           Hex            ######..     1%          3
 Cause Fear               Hex            ######....   1%          4
 Fulminant Prism          Conj/Hex       ######....   1%          4
 Ice Form                 Ice/Tmut       ######..     1%          4
 Leda's Liquefaction      Hex/Erth       ######....   1%          4
 Petrify                  Tmut/Erth      ######..     1%          4
 Summon Ice Beast         Ice/Summ       ######..     1%          4
 Summon Lightning Spire   Summ/Air       #####...     1%          4
 Blade Hands              Tmut           ######....   1%          5
 Lee's Rapid Deconstruct  Erth           ######....   1%          5
 Metabolic Englaciation   Hex/Ice        ######....   1%          5
 Summon Demon             Summ           ######....   1%          5
 Yara's Violent Unravell  Hex/Tmut       ######....   1%          5
 Hailstorm                Conj/Ice       #####...     2%          4
 Mephitic Cloud           Conj/Pois/Air  ####....     3%          3
 Bolt of Magma            Conj/Fire/Erth #####.....   4%          5
 Hydra Form               Tmut           ######....   4%          6
 Monstrous Menagerie      Summ           ######....   6%          7
 Summon Greater Demon     Summ           ######....   6%          7
 Summon Hydra             Summ           ######....   6%          7
 Silence                  Hex/Air        #####.....   9%          5
 Malign Gateway           Summ/Tloc      ######....   10%         7
 Vampiric Draining        Necr           ###.......   12%         3
 Olgreb's Toxic Radiance  Pois           ####....     12%         4
 Iskenderun's Battlesphe  Conj           #####...     12%         5
 Iron Shot                Conj/Erth      ######....   16%         6
 Animate Dead             Necr           ###.......   36%         4
 Spellforged Servitor     Conj/Summ      ######....   43%         7
 Summon Horrible Things   Summ           ######....   43%         8
 Starburst                Conj/Fire      #####.....   56%         6
 Freezing Cloud           Conj/Ice/Air   ####......   71%         6
 Agony                    Necr           ###.....     73%         5
 Orb of Destruction       Conj           #####.....   98%         7
 Dragon's Call            Summ           ######....   100%        9
 Shatter                  Erth           ######....   100%        9
 Portal Projectile        Hex/Tloc       Unusable     N/A         3

Dungeon Overview and Level Annotations

Branches:
Dungeon (15/15)            Temple (1/1) D:5            Lair (6/6) D:11
 Shoals (4/4) Lair:4       Spider (4/4) Lair:2        Slime (0/5) Lair:6
    Orc (2/2) D:9             Elf (0/3) Orc:2        Vaults (4/5) D:13
  Crypt (0/3) Vaults:3     Depths (5/5) D:15            Zot (5/5) Depths:5
  IceCv (visited)

Altars:
Ashenzari
Cheibriados
Dithmenos
Elyvilon
Fedhas
Gozag
Hepliaklqana
Kikubaaqudgha
Makhleb
Nemelex Xobeh
Okawaru
Qazlal
Ru
Sif Muna
Trog
Uskayaw
Vehumet
Wu Jian
Xom
Yredelemnul
Zin
The Shining One
Beogh
Lugonu

Shops:
D:4 (   D:7 *   D:10 (   D:11 *   D:15 }   Orc:1 ?   Orc:2 ([(?   Vaults:1 [
Vaults:2 (   Depths:1 [[

Portals:
Hell: Depths:1 Depths:2 Depths:3 Depths:4 Depths:5
Abyss: Depths:4
Pandemonium: Depths:3
Ziggurat: Depths:5

Annotations:
D:2 1 runed translucent door, exclusion: dart slug, Crazy Yiuf
D:15 1 runed translucent door
Lair:3 exclusion: polar bear, Gastronok
Lair:5 exclusion: 4 oklob plants
Shoals:1 exclusion: 2 oklob plants
Shoals:4 Roxanne
Depths:3 3 runed translucent doors, 1 exclusion, Wifumet's ghost, veteran MfIE
Depths:4 3 runed translucent doors, Parr's ghost, veteran TrMo


Innate Abilities, Weirdness & Mutations

You cannot wear armour.
You are incapable of wielding weapons or throwing items.
Your paws allow you to move quietly. (Stealth)
You have sharp claws.
You have razor-sharp teeth.
You have supernaturally acute eyesight. (SInv)
You cover ground quickly.
Your thick and shaggy fur keeps you warm. (AC +3, rC+)
Your sharp claws are effective at attacking unaware monsters.
You have a pair of small antennae on your head.
Your body sometimes deteriorates upon taking damage.
You are dopey. (Int -2)
You are frail. (-10% HP)
You are occasionally teleported next to monsters.
You are very weak. (Str -4)


Message History

There is a stone staircase leading down here.
A large abomination comes into view.
Unknown command.
Evoke which item? (* to show all) (? for menu, Esc to quit)
Press: ? - help, Shift-Dir - straight line A rock wall.
This square is covered in magical glow.
The rock shatters into small pieces.
There is a stone staircase leading up here.
You climb upwards.
There is a stone staircase leading down here.
(D) Dungeon (T) Temple (L) Lair (A) Shoals (N) Spider Nest (M) Slime Pits (O) Orcish Mines (E) Elven Halls (V) Vaults (C) Crypt (U) Depths (H) Hell (Z) Zot
Where to? (Enter - D:1 @ (x,y), ? - help)
You see here an uncursed kite shield.
There is a stone staircase leading up here.
You climb upwards.
There is a stone staircase leading down here.
There is a stone staircase leading up here.
You climb upwards.
There is a stone staircase leading down here.
You see here 21 stones.
There is an escape hatch in the ceiling here.
Really go through this one-way escape hatch?
Really go through this one-way escape hatch?
A mysterious force pulls you upwards. The hatch slams shut behind you.
Unknown command.
(D) Dungeon (T) Temple (L) Lair (A) Shoals (N) Spider Nest (M) Slime Pits (O) Orcish Mines (E) Elven Halls (V) Vaults (C) Crypt (U) Depths (H) Hell (Z) Zot
Where to? (Enter - D:1 @ (x,y), ? - help)
There is a stone staircase leading up here.
You climb upwards.
Level annotation: 1 runed translucent door, exclusion: dart slug, Crazy Yiuf
There is a stone staircase leading down here.
There is a stone staircase leading up here.
You climb upwards.
There is a stone staircase leading down here.
You see here a +0 dagger.
You see here 22 arrows.
There is an open door here.
You see here a +0 dagger.
There is an open door here.
There is a staircase leading out of the dungeon here.
Unknown command.
Enter note: gg You have escaped!

#.#.#.........#
#.......#
###.#.#.#########
#.####### ....#.#.# #.#
###.#.#.# ####.# ###
......#.### #.#### ##.#
###.###.#.### #.# ###.##
#.# #.##..####'####..##
###.# #.####..'...'..###
....# #.# ####.@.####
#######.####..'...'..###
#......##..####'####..##
#...####.### #.# ###.##
#...# ### #.# ##.# #...#
##.######..# #...#
#.........## #...#
##.######### #...# #..#


There were no monsters in sight!

Vanquished Creatures
  Mara (Shoals:3)
  An ancient lich (Zot:5)
  6 orbs of fire (Zot:5)
  A juggernaut (Abyss:3)
  Frederick (Vaults:2)
  Saint Roka (D:15)
  6 golden dragons
  Nikola (Lair:2)
  A profane servitor (Abyss:3)
  the Enchantress (Depths:2)
  An electric golem (Zot:5)
  3 tentacled monstrosities
  15 Orb Guardians
  Rupert (D:12)
  2 titans
  3 quicksilver dragons
  A tentacled starspawn (Abyss:3)
  5 death cobs
  8 storm dragons
  Agnes (Depths:3)
  Donald (Orc:2)
  2 sphinxes
  5 draconian monks
  7 fire giants
  4 tengu reavers
  6 shadow dragons
  8 frost giants
  5 draconian knights
  A deep elf sorcerer (Depths:4)
  4 ghost moths
  A caustic shrike zombie (D:15)
  14 vault wardens
  3 orc warlords (Orc:2)
  3 draconian stormcallers
  6 emperor scorpions
  An angel (Abyss:3)
  2 draconian scorchers
  2 draconian annihilators
  16 stone giants
  3 spriggan defenders (Depths:2)
  17 very ugly things
  16 ironheart preservers
  A war gargoyle (Vaults:2)
  2 ophanim (Abyss:3)
  6 entropy weavers
  2 vampire knights
  3 deep elf demonologists
  5 white draconians
  9 red draconians
  6 yellow draconians
  2 black draconians
  5 green draconians
  8 spark wasps
  Azrael (Spider:1)
  8 purple draconians
  A blizzard demon (Abyss:3)
  4 merfolk impalers (Shoals:4)
  7 ettins
  An eidolon (Vaults:3)
  4 merfolk javelineers
  A deep elf death mage (Vaults:4)
  8 great orbs of eyes
  9 ogre magi
  16 yaktaur captains
  Josephine (Spider:1)
  9 fire dragons
  6 rakshasas
  3 hydras
  A hell beast (Depths:5)
  7 ice dragons
  11 vault guards
  4 death knights
  2 merfolk avatars
  6 spriggan air magi
  4 boulder beetles
  Erica (Lair:2)
  4 catoblepae (Lair:6)
  15 centaur warriors
  31 two-headed ogres
  2 dancing weapons (Abyss:3)
  8 death scarabs (Spider:4)
  14 death yaks
  3 merfolk aquamancers
  2 satyrs
  2 alligator snapping turtles
  6 deep troll earth magi
  11 deep troll shamans
  2 vampire magi
  3 tengu warriors
  15 hell knights
  4 thrashing horrors (Abyss:3)
  3 orc high priests (Orc:2)
  A sun demon (Depths:5)
  6 spriggan berserkers
  2 wretched stars (Abyss:3)
  3 iron trolls
  A storm dragon zombie (Abyss:3)
  19 skeletal warriors
  A spectral emperor scorpion (Spider:4)
  3 shadow wraiths
  2 cherubim (Abyss:3)
  3 unseen horrors
  28 deep trolls
  3 flayed ghosts
  5 sea snakes
  A glowing orange brain (shapeshifter) (Vaults:4)
  A wizard (Depths:2)
  5 deep elf archers
  2 unseen horrors (shapeshifter)
  A phantasmal warrior (D:15)
  2 spectral wolf spiders (Spider:4)
  Pikel (D:8)
  A kraken simulacrum (Shoals:4)
  6 ironbrand convokers
  6 necromancers
  6 deep elf magi
  10 orb spiders
  23 wolf spiders
  9 orc knights
  52 ugly things
  An orb spider (shapeshifter) (Depths:4)
  A wolf spider (shapeshifter) (Depths:4)
  3 harpies (Shoals:1)
  2 wolf spider zombies (Spider:4)
  A faun (D:12)
  A faun (shapeshifter) (Vaults:1)
  13 moths of wrath
  A moth of wrath (shapeshifter) (Depths:2)
  4 orc sorcerers
  13 manticores
  4 cyclopes
  A salamander (shapeshifter) (Vaults:2)
  2 worldbinders (Abyss:3)
  10 merfolk sirens
  5 black mambas
  9 elephants
  An apocalypse crab (Abyss:3)
  10 water nymphs
  A guardian serpent (shapeshifter) (Vaults:1)
  14 vault sentinels
  An ice statue (Vaults:4)
  A rust devil (Depths:5)
  Joseph (D:7)
  5 cane toads
  A fire giant skeleton (D:15)
  A cane toad (shapeshifter) (Vaults:2)
  A torpor snail (Spider:4)
  A yaktaur zombie (D:15)
  3 rime drakes
  4 nameless horrors
  5 freezing wraiths
  A kobold demonologist (D:14)
  A spectral redback (Spider:4)
  55 yaktaurs
  An ancient zyme (Abyss:3)
  9 demonic crawlers
  4 tengu conjurers
  A redback zombie (Spider:4)
  8 komodo dragons
  A queen bee (Spider:4)
  An efreet (Zot:4)
  33 jumping spiders
  A troll (shapeshifter) (Vaults:1)
  3 wind drakes
  21 merfolk
  2 polar bears (shapeshifter)
  3 polar bears
  8 trolls
  An ettin zombie (D:15)
  17 slime creatures
  2 jumping spider zombies (Spider:4)
  7 hornets
  10 blink frogs
  3 spectral tarantellas (Spider:4)
  8 snapping turtles
  2 raiju (shapeshifter)
  3 raiju
  5 spectral jumping spiders (Spider:4)
  24 dream sheep
  6 large abominations (Abyss:3)
  3 tarantella zombies (Spider:4)
  A meliai zombie (D:13)
  5 flying skulls
  30 tarantellas
  72 redbacks
  An alligator skeleton (Abyss:3)
  4 spriggans
  A ynoxinul (Abyss:3)
  A shadow (D:15)
  A centaur simulacrum (D:15)
  5 wyverns
  8 wraiths
  49 yaks
  A vampire (D:14)
  24 fire elementals
  6 basilisks
  9 water elementals
  A basilisk (shapeshifter) (Depths:4)
  A neqoxec (Abyss:3)
  A yaktaur simulacrum (Vaults:1)
  2 chaos spawn (Abyss:3)
  A swamp worm (shapeshifter) (Vaults:2)
  6 acid dragons
  A soldier ant (shapeshifter) (Vaults:2)
  9 wargs
  A floating eye (shapeshifter) (Vaults:2)
  12 water moccasins
  2 hell hounds (Spider:1)
  3 spectral hornets (Spider:4)
  2 black bears
  3 sky beasts
  40 orc warriors
  3 phantoms
  2 eyes of draining
  17 ice beasts
  An ettin simulacrum (Vaults:2)
  32 ogres
  A wolf (IceCv)
  An eye of draining (shapeshifter) (Vaults:2)
  2 hornet zombies
  26 boggarts
  A boggart (shapeshifter) (Vaults:2)
  38 centaurs
  A small abomination (Abyss:3)
  3 big kobolds
  2 elf zombies (D:13)
  21 bullfrogs
  A bullfrog (shapeshifter) (Vaults:1)
  A gnoll sergeant (D:6)
  4 scorpions
  6 killer bees (D:7)
  A human simulacrum (Vaults:2)
  10 wights
  7 howler monkeys
  2 electric eels
  7 centaur zombies
  A bullfrog zombie (D:13)
  3 human zombies (D:13)
  7 starcursed masses
  5 hounds
  2 quasits
  A jelly (D:5)
  24 orc wizards
  A gnoll shaman (D:6)
  18 orc priests
  8 centaur skeletons
  6 iguanas
  Natasha (twice) (D:4)
  A human skeleton (D:13)
  6 worker ants
  A hound zombie (D:10)
  A hound skeleton (D:9)
  2 mummies (D:13)
  A howler monkey zombie (D:7)
  Robin (D:2)
  13 gnolls
  6 adders
  2 howler monkey skeletons
  2 shadow imps
  2 white imps (D:10)
  2 ufetubi
  2 oozes
  An adder zombie (D:9)
  An adder skeleton (D:5)
  4 worms
  2 dart slugs (D:2)
  8 leopard geckos
  100 orcs
  7 bats
  5 giant cockroaches
  13 goblins
  8 hobgoblins
  2 jackals (D:10)
  5 quokkas
  A ball python (D:6)
  5 frilled lizards
  11 kobolds
  2 leopard gecko skeletons
  A leopard gecko zombie (D:8)
  An orc skeleton (D:13)
  3 orc zombies (D:13)
  A quokka skeleton (D:7)
  A quokka zombie (D:9)
  12 rats
  5 bushes (Depths:5)
  A lurking horror (Abyss:3)
  A snaplasher vine (Orc:2)
  A tentacle (Shoals:4)
1859 creatures vanquished.

Vanquished Creatures (collateral kills)
  An ancient lich (Zot:5)
  8 Orb Guardians (Zot:5)
  A lich (Depths:3)
  An ancient champion (Depths:3)
  A sphinx (Vaults:4)
  A storm dragon (Zot:5)
  A shadow dragon (Zot:1)
  A vault warden (Vaults:4)
  Louise (Shoals:2)
  An ironheart preserver (Vaults:4)
  A green draconian (Zot:5)
  A red draconian (Zot:1)
  3 white draconians
  A merfolk javelineer (Shoals:3)
  Snorg (Lair:6)
  2 vault guards (Vaults:1)
  A spriggan air mage (Depths:5)
  A hydra (Lair:2)
  3 catoblepae
  A merfolk avatar (Shoals:1)
  3 death yaks
  2 ogre magi (Depths:1)
  A two-headed ogre (Depths:1)
  A deep troll earth mage (Depths:5)
  A skeletal warrior (D:12)
  2 sea snakes (Shoals:3)
  A deep troll (Depths:2)
  A wizard (Depths:1)
  An orc knight (Orc:1)
  2 orb spiders
  A wolf spider (Spider:1)
  4 elephants (Lair:5)
  A vault sentinel (Vaults:4)
  A cane toad (Lair:5)
  2 yaktaurs
  A freezing wraith (Vaults:2)
  A rime drake (Lair:4)
  2 komodo dragons (Lair:6)
  A wind drake (Shoals:3)
  A jumping spider (Lair:2)
  2 merfolk (Shoals:1)
  A troll (Orc:2)
  3 blink frogs (Lair:6)
  2 slime creatures (Depths:1)
  2 dream sheep
  A snapping turtle (Shoals:3)
  A tarantella (Spider:3)
  A water elemental (Shoals:1)
  12 yaks
  2 orc warriors
  4 ogres
  2 centaurs (Depths:3)
  A bullfrog (Lair:5)
  2 orc priests (Orc:2)
  2 orc wizards
  15 orcs
  A bush (Depths:5)
116 creatures vanquished.

Vanquished Creatures (others)
  Asterion (Depths:3)
  A death cob (Zot:5)
  A fire giant (Depths:5)
  A deep troll earth mage (Vaults:3)
  A jumping spider (Spider:1)
  A wraith (Vaults:2)
  An orc warrior (Depths:1)
  An electric eel (D:14)
  A kobold (D:13)
  24 bushes (Depths:5)
  56 fungi
  119 plants
  13 snaplasher vines
  4 starspawn tentacles (Abyss:3)
  12 tentacles (Shoals:4)
  3 withered plants (D:15)
240 creatures vanquished.

Grand Total: 2215 creatures vanquished

Notes
Turn   | Place    | Note
-------+----------+-------------------------------------------
     0 | D:1      | Flugkiller the Felid Transmuter began the quest for the
                  | Orb.
     0 | D:1      | Reached XP level 1. HP: 9/9 MP: 4/4
   267 | D:1      | Reached XP level 2. HP: 12/12 MP: 4/6
  1033 | D:1      | Reached skill level 4 in Unarmed Combat
  1540 | D:2      | Found a blossoming altar of Fedhas.
  1637 | D:2      | Found a shimmering altar of Xom.
  1658 | D:2      | Noticed Robin
  1969 | D:1      | Reached XP level 3. HP: 15/15 MP: 5/7
  1985 | D:1      | Learned a level 3 spell: Spider Form
  2682 | D:2      | Found a snail-covered altar of Cheibriados.
  2887 | D:2      | Reached skill level 1 in Poison Magic
  2955 | D:2      | Killed Robin
  3268 | D:2      | Reached XP level 4. HP: 19/19 MP: 6/8
  3418 | D:2      | Found an ornate altar of the Wu Jian Council.
  3476 | D:2      | Found a runed translucent door.
  3477 | D:2      | Noticed Crazy Yiuf
  3516 | D:2      | Noticed an orc warrior
  4691 | D:3      | Reached XP level 5. HP: 22/22 MP: 6/9
  5363 | D:4      | Found Muomaurof's Weapon Shoppe.
  5367 | D:4      | Found a hide-covered altar of Uskayaw.
  5416 | D:4      | Found a sacrificial altar of Ru.
  5421 | D:4      | Became a worshipper of Ru the Awakened
  5435 | D:4      | Found a white marble altar of Elyvilon.
  5459 | D:4      | Noticed an ogre
  5532 | D:4      | Found a broken altar of Ashenzari.
  5582 | D:4      | Reached skill level 5 in Unarmed Combat
  5582 | D:4      | Reached skill level 1 in Evocations
  5786 | D:4      | Gained mutation: You are covered in thick fur. (AC +2)
                  | [Felid growth]
  5786 | D:4      | Reached XP level 6. HP: 26/26 MP: 6/10
  5811 | D:4      | Noticed Natasha
  5954 | D:5      | Entered Level 5 of the Dungeon
  6219 | D:5      | Found a basalt altar of Yredelemnul.
  6503 | D:4      | Reached skill level 5 in Dodging
  6511 | D:4      | Killed Natasha
  6589 | D:4      | Noticed Natasha
  6624 | D:4      | Killed Natasha
  6742 | D:5      | Found a staircase to the Ecumenical Temple.
  6791 | D:5      | Reached XP level 7. HP: 31/31 MP: 7/11
  6908 | Temple   | Entered the Ecumenical Temple
  6977 | D:4      | Fell from the grace of Ru
  6977 | D:4      | Became a worshipper of Ashenzari the Shackled
  7643 | D:6      | Reached skill level 6 in Unarmed Combat
  7717 | D:6      | Found a glowing golden altar of the Shining One.
  7817 | D:6      | Reached XP level 8. HP: 30/36 MP: 3/12
  8308 | D:6      | Reached skill level 5 in Transmutations
  8852 | D:7      | Noticed Joseph
  8887 | D:6      | Learned a level 2 spell: Slow
  8957 | D:7      | Found Efujez's Assorted Antiques.
  9223 | D:7      | Found an opulent altar of Gozag.
  9278 | D:7      | Reached skill level 1 in Hexes
  9426 | D:7      | Bought a scroll labeled FIUCRA POEQ for 21 gold pieces
  9426 | D:7      | Bought a shiny iron wand for 84 gold pieces
  9480 | D:7      | Reached * piety under Ashenzari
  9575 | D:7      | Learned a level 4 spell: Ice Form
  9782 | D:8      | Reached skill level 1 in Ice Magic
  9929 | D:8      | Found a bloodstained altar of Trog.
 10080 | D:8      | Noticed a two-headed ogre
 10216 | D:8      | Reached XP level 9. HP: 39/39 MP: 11/15
 10261 | D:8      | Noticed Pikel
 10280 | D:8      | Killed Pikel
 10722 | D:9      | Reached skill level 5 in Fighting
 10799 | D:9      | Found a sparkling altar of Nemelex Xobeh.
 11028 | D:9      | Found a radiant altar of Vehumet.
 11028 | D:9      | Noticed a troll
 11425 | D:9      | Reached skill level 7 in Unarmed Combat
 11776 | D:9      | Killed a troll
 12019 | D:10     | Entered Level 10 of the Dungeon
 12306 | D:10     | Reached skill level 8 in Unarmed Combat
 12687 | D:10     | Found Gatet's Weapon Boutique.
 12731 | D:10     | Reached ** piety under Ashenzari
 12770 | D:10     | Reached XP level 10. HP: 44/44 MP: 13/17
 13053 | D:10     | Reached skill level 5 in Spellcasting
 13072 | D:10     | Learned a level 3 spell: Conjure Flame
 13486 | D:10     | Reached skill level 9 in Unarmed Combat
 13572 | D:10     | Reached skill level 1 in Conjurations
 13572 | D:10     | Reached skill level 1 in Fire Magic
 14270 | D:11     | Reached *** piety under Ashenzari
 14361 | D:11     | Found Jiegh's Assorted Antiques.
 14373 | D:11     | Bought a glass wand for 156 gold pieces
 14373 | D:11     | Bought a scroll labeled FIUCRA POEQ for 39 gold pieces
 14373 | D:11     | Bought a bubbling coppery potion for 35 gold pieces
 14392 | D:11     | Found a staircase to the Lair.
 15257 | Lair:1   | Entered Level 1 of the Lair of Beasts
 15274 | Lair:1   | Reached skill level 10 in Dodging
 15286 | Lair:1   | Found a frozen archway.
 15523 | Lair:1   | Reached XP level 11. HP: 48/48 MP: 19/19
 15587 | IceCv    | Entered an ice cave
 15721 | Lair:1   | Reached skill level 10 in Unarmed Combat
 15988 | Lair:1   | Identified a scroll of acquirement
 17119 | Lair:2   | Noticed Erica
 17365 | Lair:2   | Noticed a death yak
 17366 | Lair:2   | Noticed a death yak
 17366 | Lair:2   | Noticed a death yak
 17367 | Lair:2   | Noticed a death yak
 17521 | Lair:1   | Killed a death yak
 17723 | Lair:2   | Reached **** piety under Ashenzari
 17757 | Lair:2   | Killed Erica
 17952 | Lair:2   | Identified Sif Muna's Catalogue of Displacement and Hexes
 18178 | Lair:2   | Reached skill level 11 in Unarmed Combat
 18191 | Lair:2   | Reached skill level 5 in Hexes
 18327 | Lair:2   | Learned a level 5 spell: Summon Mana Viper
 18523 | Lair:2   | Reached skill level 1 in Summonings
 18568 | Lair:2   | Noticed a death yak
 18574 | Lair:2   | Killed a death yak
 18812 | Lair:2   | Noticed a catoblepas
 18814 | Lair:2   | Found a hole to the Spider Nest.
 18831 | Lair:2   | Noticed a seven-headed hydra
 18947 | Lair:2   | Killed a catoblepas
 19003 | Lair:2   | Killed a seven-headed hydra
 19003 | Lair:2   | Gained mutation: Your thick and shaggy fur keeps you warm.
                  | (AC +3, rC+) [Felid growth]
 19003 | Lair:2   | Reached XP level 12. HP: 51/54 MP: 6/20
 20015 | D:9      | Found a shadowy altar of Dithmenos.
 20022 | D:9      | Found a staircase to the Orcish Mines.
 20191 | D:7      | Bought a potion of curing for 63 gold pieces
 20447 | Lair:2   | Gained mutation: You occasionally shout uncontrollably at
                  | your foes. [potion of mutation]
 20447 | Lair:2   | Gained mutation: You have a pair of small antennae on your
                  | head. [potion of mutation]
 20470 | Lair:2   | Lost mutation: You have a pair of small antennae on your
                  | head. [potion of mutation]
 20470 | Lair:2   | Lost mutation: You occasionally shout uncontrollably at
                  | your foes. [potion of mutation]
 20470 | Lair:2   | Gained mutation: You are agile. (Dex +2) [potion of
                  | mutation]
 20470 | Lair:2   | Gained mutation: Your body sometimes deteriorates upon
                  | taking damage. [potion of mutation]
 20470 | Lair:2   | Gained mutation: You possess an exceptional clarity of
                  | mind. [potion of mutation]
 20470 | Lair:2   | Gained mutation: You have a pair of small antennae on your
                  | head. [potion of mutation]
 20633 | Lair:2   | Killed a death yak
 20738 | Lair:2   | Killed a death yak
 20784 | Lair:2   | Killed a death yak
 21337 | Lair:2   | Reached skill level 12 in Unarmed Combat
 22036 | Lair:3   | Learned a level 5 spell: Summon Forest
 22167 | Lair:3   | Noticed Gastronok
 22434 | Lair:3   | Reached ***** piety under Ashenzari
 22959 | Lair:4   | Noticed a catoblepas
 22977 | Lair:4   | Killed a catoblepas
 23158 | Lair:4   | Noticed a five-headed hydra
 23167 | Lair:4   | Killed a five-headed hydra
 23286 | Lair:4   | Noticed a death yak
 23306 | Lair:4   | Killed a death yak
 23483 | Lair:4   | Noticed a death yak
 23484 | Lair:4   | Noticed a catoblepas
 23486 | Lair:4   | Noticed a death yak
 23697 | Lair:4   | Killed a catoblepas
 23912 | Lair:4   | Noticed a death yak
 23979 | Lair:4   | Killed a death yak
 24038 | Lair:4   | Noticed a death yak
 24088 | Lair:4   | Killed a death yak
 24100 | Lair:4   | Killed a death yak
 24100 | Lair:4   | Reached XP level 13. HP: 23/58 MP: 11/26
 24364 | Lair:4   | Learned a level 6 spell: Statue Form
 24381 | Lair:4   | Found a staircase to the Shoals.
 24744 | Lair:4   | Reached skill level 1 in Earth Magic
 26155 | Lair:5   | Reached skill level 5 in Earth Magic
 26713 | Lair:5   | Learned a level 1 spell: Apportation
 26888 | Lair:6   | Entered Level 6 of the Lair of Beasts
 27607 | Lair:6   | Found a staircase to the Slime Pits.
 27687 | Lair:6   | Noticed Snorg
 27737 | Lair:6   | Killed Snorg
 28200 | Lair:6   | Reached XP level 14. HP: 55/63 MP: 12/28
 28874 | Lair:6   | Reached ****** piety under Ashenzari
 29384 | Orc:1    | Entered Level 1 of the Orcish Mines
 29479 | Orc:2    | Entered Level 2 of the Orcish Mines
 29479 | Orc:2    | Found a radiant altar of Vehumet.
 29481 | Orc:2    | Noticed an orc warlord
 29488 | Orc:2    | Noticed an orc warlord
 29543 | Orc:2    | Found a roughly hewn altar of Beogh.
 29552 | Orc:2    | Reached skill level 1 in Translocations
 29626 | Orc:2    | Paralysed by an orc sorcerer for 2 turns
 30127 | Orc:2    | Reached skill level 5 in Summonings
 30144 | Orc:2    | Killed an orc warlord
 30376 | Orc:2    | Killed an orc warlord
 30483 | Orc:2    | Found a roughly hewn altar of Beogh.
 30566 | Orc:2    | Found a roughly hewn altar of Beogh.
 30629 | Orc:2    | Found a staircase to the Elven Halls.
 30643 | Orc:2    | Found a roughly hewn altar of Beogh.
 30654 | Orc:2    | Found Rolikk's Magic Scroll Shop.
 30675 | Orc:2    | Found a roughly hewn altar of Beogh.
 30696 | Orc:2    | Noticed Donald
 31041 | Orc:2    | Killed Donald
 31266 | Orc:2    | Noticed an orc warlord
 31293 | Orc:2    | Killed an orc warlord
 31419 | Orc:2    | Found Anowkewk's Antique Weapon Shop.
 31420 | Orc:2    | Found a roughly hewn altar of Beogh.
 31424 | Orc:2    | Found Atsyud's Antique Armour Boutique.
 31484 | Orc:2    | Bought a scroll of blinking for 90 gold pieces
 31484 | Orc:2    | Bought a scroll of teleportation for 36 gold pieces
 31518 | Orc:2    | Found a roughly hewn altar of Beogh.
 31639 | Orc:2    | Found Riar's Antique Weapon Shop.
 31718 | Orc:1    | Reached skill level 13 in Unarmed Combat
 31755 | Orc:1    | Found Rila's Magic Scroll Shoppe.
 31762 | Orc:1    | Bought a scroll of teleportation for 51 gold pieces
 31762 | Orc:1    | Bought a scroll of blinking for 127 gold pieces
 31762 | Orc:1    | Bought a scroll of magic mapping for 59 gold pieces
 32114 | D:7      | Killed Joseph
 33092 | D:12     | Noticed Nessos
 33094 | D:12     | Noticed Nessos
 33094 | D:12     | Nessos changed into Nessos the faun
 33105 | D:12     | Killed Nessos the faun
 33229 | D:12     | Reached skill level 10 in Fighting
 33410 | D:12     | Noticed Sonja
 33430 | D:12     | Noticed Sonja
 33430 | D:12     | Sonja changed into Sonja the raiju
 33438 | D:12     | Killed Sonja the raiju
 33608 | D:12     | Noticed Rupert
 33628 | D:12     | Killed Rupert
 34381 | D:13     | Reached XP level 15. HP: 69/69 MP: 23/29
 34454 | D:13     | Found an ancient bone altar of Kikubaaqudgha.
 34548 | D:13     | Identified the ring of Cuude {rElec Str+3 Stlth+}
 35004 | D:13     | Found a gate to the Vaults.
 35928 | D:14     | Reached skill level 14 in Unarmed Combat
 36448 | D:15     | Entered Level 15 of the Dungeon
 36742 | D:15     | Found a runed translucent door.
 36743 | D:15     | Noticed a frost giant
 36744 | D:15     | Identified the ring "Gielarph" {*Tele rF+ rN+ Int+4 SInv}
 36756 | D:15     | Found Peubasy's Gadget Shoppe.
 36804 | D:15     | Reached skill level 15 in Dodging
 37712 | D:15     | Found a staircase to the Depths.
 38215 | Spider:1 | Entered Level 1 of the Spider Nest
 38220 | Spider:1 | Noticed Azrael
 38228 | Spider:1 | Killed Azrael
 38228 | Spider:1 | Noticed Nikola
 38262 | Lair:2   | Killed Nikola
 38525 | Spider:1 | Noticed Josephine
 38762 | Spider:1 | Killed Josephine
 38977 | Spider:1 | Reached XP level 16. HP: 76/76 MP: 30/30
 39745 | Spider:1 | Acquired a book of Maledictions
 39747 | Spider:1 | Acquired a book of Summonings
 40105 | Spider:2 | Reached skill level 15 in Unarmed Combat
 41421 | Spider:3 | Reached skill level 16 in Unarmed Combat
 42278 | Spider:4 | Entered Level 4 of the Spider Nest
 43149 | Spider:4 | Reached XP level 17. HP: 76/81 MP: 2/31
 43298 | Spider:4 | Reached skill level 17 in Unarmed Combat
 43519 | Spider:4 | Got a gossamer rune of Zot
 44164 | Shoals:1 | Entered Level 1 of the Shoals
 44231 | Shoals:1 | Reached skill level 18 in Unarmed Combat
 45142 | Shoals:2 | Noticed Louise
 45152 | Shoals:2 | Killed Louise
 46654 | Shoals:3 | Noticed Mara
 46686 | Shoals:2 | Noticed Flugkiller's illusion
 46809 | Shoals:2 | Noticed Flugkiller's illusion
 46963 | Shoals:2 | Noticed Flugkiller's illusion
 46989 | Shoals:2 | Noticed Flugkiller's illusion
 47189 | Shoals:2 | Noticed Flugkiller's illusion
 47416 | Shoals:2 | Noticed Flugkiller's illusion
 47428 | Shoals:3 | Killed Mara
 47428 | Shoals:3 | Reached skill level 19 in Unarmed Combat
 48124 | Shoals:4 | Entered Level 4 of the Shoals
 48124 | Shoals:4 | Identified Roxanne's Collected Works on Clay
 48124 | Shoals:4 | Noticed Roxanne
 48249 | Shoals:4 | Identified the ring "Xaleuk" {Dex+2 Stlth+}
 48392 | Shoals:4 | Got a barnacled rune of Zot
 48423 | Shoals:4 | Found a sacrificial altar of Ru.
 48949 | Shoals:4 | Reached XP level 18. HP: 85/85 MP: 32/32
 49276 | Shoals:4 | Reached skill level 20 in Unarmed Combat
 49300 | Shoals:4 | Identified the ring of Atoos {Ice Int+4}
 49405 | Shoals:4 | Identified the Volume of Displaced Curses
 49588 | Shoals:4 | Found a gateway to a bazaar.
 49599 | Bazaar   | Entered a bazaar
 49604 | Bazaar   | Found Xyurits's Distillery.
 49606 | Bazaar   | Found Bogoich's Book Shop.
 49642 | Bazaar   | Found Wesas's Assorted Antiques.
 49650 | Bazaar   | Found Vaosasin's Weapon Boutique.
 49699 | Bazaar   | Bought a potion of haste for 150 gold pieces
 49711 | Bazaar   | Bought a Grand Grimoire for 993 gold pieces
 49711 | Bazaar   | Bought a book of Spatial Translocations for 585 gold pieces
 49737 | Bazaar   | Bought a scroll of fog for 76 gold pieces
 50048 | Vaults:1 | Entered Level 1 of the Vaults
 50675 | Vaults:1 | Reached skill level 21 in Unarmed Combat
 50901 | Vaults:1 | Found Wucuesa's Antique Armour Boutique.
 50930 | Vaults:1 | Paralysed by an ogre mage for 3 turns
 51647 | Vaults:2 | Reached skill level 22 in Unarmed Combat
 51765 | Vaults:2 | Reached XP level 19. HP: 60/89 MP: 33/33
 51963 | Vaults:2 | Found a portal to a secret trove of treasure.
 52452 | Vaults:2 | Found Xudomiot's Weapon Shoppe.
 52704 | Vaults:2 | Noticed Frederick
 52732 | Vaults:2 | Killed Frederick
 52732 | Vaults:2 | Reached skill level 23 in Unarmed Combat
 53678 | Vaults:2 | HP: 3/118 [ettin/+0 dire flail (31)]
 53678 | Vaults:2 | Demolished by an ettin
 53679 | Vaults:2 | Reached XP level 18. HP: -16/113 MP: 32/32
 54635 | Vaults:3 | Reached XP level 19. HP: 53/91 MP: 24/33
 54648 | Vaults:3 | Reached skill level 5 in Evocations
 54652 | Vaults:3 | Found a staircase to the Crypt.
 54700 | Vaults:3 | Found a flickering gateway to a bazaar.
 54706 | Bazaar   | Entered a bazaar
 54948 | Bazaar   | Found Dicusoaj's Distillery.
 54952 | Bazaar   | Bought a potion of resistance for 110 gold pieces
 54952 | Bazaar   | Bought 2 potions of might for 88 gold pieces
 54952 | Bazaar   | Bought a potion of might for 44 gold pieces
 54952 | Bazaar   | Found Vewujukh's Assorted Antiques.
 54952 | Bazaar   | Found Qeaklot's Antique Weapon Boutique.
 54953 | Bazaar   | Found Coodwosm's Gadget Boutique.
 54963 | Bazaar   | Bought a scroll of teleportation for 60 gold pieces
 54997 | Bazaar   | Bought a box of beasts (3/3) for 320 gold pieces
 55089 | Vaults:2 | You paid a toll of 3 potions of resistance to enter a
                  | treasure trove
 55090 | Trove    | Entered a treasure trove
 55096 | Trove    | Identified the cursed ring "Feowam" {rCorr Str+5 Int+3}
 55096 | Trove    | Identified the cursed ring of Pride {rC+++ Int+3 Slay+4
                  | Stlth-}
 55269 | Vaults:3 | Acquired the Almanac of the Entourage and Arcane Weapons
 58008 | Vaults:4 | Identified the Guide on Freezing Lightness
 58087 | Vaults:4 | Found a gateway to a bazaar.
 58096 | Bazaar   | Entered a bazaar
 58096 | Bazaar   | Found Yxuwah's Distillery.
 58110 | Bazaar   | Found Weynatet's Antique Armour Emporium.
 58121 | Bazaar   | Found Inuac's Weapon Shop.
 58130 | Bazaar   | Found Zuvin's Gadget Emporium.
 58144 | Bazaar   | Found Umezol's Armour Shop.
 58187 | Bazaar   | Bought a potion of invisibility for 96 gold pieces
 58187 | Bazaar   | Bought a potion of mutation for 96 gold pieces
 58187 | Bazaar   | Bought a potion of might for 48 gold pieces
 58187 | Bazaar   | Bought a potion of heal wounds for 60 gold pieces
 58187 | Bazaar   | Bought a potion of heal wounds for 60 gold pieces
 58187 | Bazaar   | Bought a potion of might for 48 gold pieces
 58209 | Bazaar   | Bought a wand of paralysis (10) for 216 gold pieces
 58209 | Bazaar   | Bought a wand of iceblast (5) for 162 gold pieces
 58209 | Bazaar   | Bought a wand of digging (5) for 324 gold pieces
 58373 | Depths:1 | Entered Level 1 of the Depths
 58745 | Depths:1 | Reached skill level 15 in Fighting
 58754 | Depths:1 | Noticed Saint Roka
 58935 | D:15     | Killed Saint Roka
 58935 | D:15     | Reached XP level 20. HP: 97/97 MP: 30/34
 59263 | Depths:1 | Found Gidy's Armour Boutique.
 59449 | Depths:1 | Found Dookk's Armour Shop.
 59532 | Depths:1 | Acquired the Compendium of Bewitching Creation
 59719 | Depths:1 | Found a gateway to Hell.
 59754 | Depths:1 | Learned a level 5 spell: Irradiate
 59759 | Depths:1 | Learned a level 4 spell: Passage of Golubria
 60374 | Depths:1 | Reached skill level 10 in Spellcasting
 60653 | Depths:2 | Noticed the Enchantress
 60658 | Depths:2 | Killed the Enchantress
 60725 | Depths:2 | Learned a level 6 spell: Invisibility
 60732 | Depths:2 | Learned a level 6 spell: Shadow Creatures
 61718 | Depths:3 | Found a one-way gate leading to the halls of Pandemonium.
 61743 | Depths:3 | Noticed Agnes
 61753 | Depths:3 | Killed Agnes
 61897 | Depths:3 | Noticed Asterion
 62008 | Depths:3 | Killed Asterion
 62227 | Depths:3 | Found a runed translucent gate.
 62227 | Depths:3 | Found a runed translucent gate.
 62227 | Depths:3 | Found a runed translucent gate.
 62230 | Depths:3 | Noticed Wifumet's ghost (veteran MfIE)
 63513 | Depths:4 | Reached skill level 10 in Summonings
 63522 | Depths:4 | Reached XP level 21. HP: 87/104 MP: 4/36
 64278 | Depths:4 | Found a runed translucent gate.
 64278 | Depths:4 | Found a runed translucent gate.
 64278 | Depths:4 | Found a runed translucent gate.
 64387 | Depths:4 | Reached skill level 1 in Stealth
 64956 | Depths:4 | Found a one-way gate to the infinite horrors of the Abyss.
 64976 | Depths:4 | Reached skill level 5 in Stealth
 65528 | Depths:4 | Noticed Parr's ghost (veteran TrMo)
 65547 | Depths:5 | Entered Level 5 of the Depths
 65547 | Depths:5 | Noticed a golden dragon
 65560 | Depths:4 | Killed a golden dragon
 65855 | Depths:5 | Reached skill level 10 in Stealth
 66213 | Depths:5 | HP: 5/135 [titan (28)]
 66676 | Depths:5 | Found a gate to the Realm of Zot.
 66677 | Depths:5 | Noticed a golden dragon
 66777 | Depths:5 | Killed a golden dragon
 66974 | Depths:5 | Found a gateway to a ziggurat.
 67352 | Depths:5 | Reached skill level 15 in Stealth
 67355 | Depths:5 | Reached XP level 22. HP: 108/108 MP: 34/37
 67681 | Depths:4 | Voluntarily entered the Abyss.
 67703 | Abyss:1  | Found a corrupted altar of Lugonu.
 68231 | Abyss:3  | Reached skill level 5 in Translocations
 68244 | Abyss:3  | Found a glowing golden altar of the Shining One.
 68275 | Abyss:3  | Noticed a juggernaut
 68285 | Abyss:3  | HP: 3/110 [juggernaut (7)]
 68295 | Abyss:3  | Killed a juggernaut
 68317 | Abyss:3  | Got an abyssal rune of Zot
 68328 | Abyss:4  | Found a corrupted altar of Lugonu.
 68371 | Depths:4 | Escaped the Abyss
 68645 | Zot:1    | Entered Level 1 of the Realm of Zot
 68692 | Zot:1    | Noticed a golden dragon
 68702 | Zot:1    | Killed a golden dragon
 68878 | Zot:2    | Noticed a golden dragon
 68889 | Zot:2    | Killed a golden dragon
 69774 | Zot:4    | Noticed a golden dragon
 69792 | Zot:4    | Killed a golden dragon
 69798 | Zot:4    | Reached XP level 23. HP: 103/114 MP: 32/38
 70131 | Zot:5    | Entered Level 5 of the Realm of Zot
 70457 | Zot:5    | Identified the ring "Cikkon" {Int+7 Dex+6}
 70607 | Zot:5    | Noticed an orb of fire
 70616 | Zot:5    | Killed an orb of fire
 70616 | Zot:5    | Reached skill level 24 in Unarmed Combat
 70710 | Zot:5    | Noticed a Killer Klown
 70928 | Zot:5    | Noticed an orb of fire
 70928 | Zot:5    | Noticed an orb of fire
 71050 | Zot:5    | Noticed an orb of fire
 71056 | Zot:5    | Noticed an ancient lich
 71060 | Zot:5    | Gained mutation: You are weak. (Str -2) [an orb of fire]
 71067 | Zot:5    | Killed an orb of fire
 71075 | Zot:5    | Killed an orb of fire
 71079 | Zot:5    | Noticed an ancient lich
 71081 | Zot:5    | Killed an ancient lich
 71085 | Zot:5    | Killed an orb of fire
 71103 | Zot:5    | Killed an ancient lich
 71112 | Zot:5    | Noticed an orb of fire
 71113 | Zot:5    | Gained mutation: You are very weak. (Str -4) [an orb of
                  | fire]
 71119 | Zot:5    | Lost mutation: You possess an exceptional clarity of mind.
                  | [an orb of fire]
 71128 | Zot:5    | Lost mutation: You are agile. (Dex +2) [an orb of fire]
 71133 | Zot:5    | Gained mutation: You are dopey. (Int -2) [an orb of fire]
 71135 | Zot:5    | Killed an orb of fire
 71152 | Zot:5    | HP: 5/148 [Orb Guardian (26)]
 71166 | Zot:5    | Reached skill level 25 in Unarmed Combat
 72604 | Zot:5    | Noticed an orb of fire
 72621 | Zot:5    | Learned a level 7 spell: Dragon Form
 72631 | Zot:5    | Gained mutation: You are frail. (-10% HP) [an orb of fire]
 72634 | Zot:5    | Gained mutation: You are occasionally teleported next to
                  | monsters. [an orb of fire]
 72635 | Zot:5    | Noticed an orb of fire
 72638 | Zot:5    | Noticed an orb of fire
 72641 | Zot:5    | Killed an orb of fire
 72641 | Zot:5    | Noticed a Killer Klown
 72645 | Zot:5    | Got the Orb of Zot
 72645 | Zot:5    | Noticed an orb of fire
 72846 | Depths:2 | Reached XP level 24. HP: 95/106 MP: 27/40
 73149 | D:1      | gg
 73150 | D:$      | Escaped with the Orb!

Illustrated notes

#.#.#.........#
#.......#
###.#.#.#########
#.####### ....#.#.# #.#
###.#.#.# ####.# ###
......#.### #.#### ##.#
###.###.#.### #.# ###.##
#.# #.##..####'####..##
###.# #.####..'...'..###
....# #.# ####.@.####
#######.####..'...'..###
#......##..####'####..##
#...####.### #.# ###.##
#...# ### #.# ##.# #...#
##.######..# #...#
#.........## #...#
##.######### #...# #..#


Turn 73149 on D:1: gg

Levels and vault maps discovered:
D:1:      dpeg_arrival_radiant, layout_basic, minmay_rat_gold_closets
D:2:      layout_basic, kennysheep_slug_shrine, xom_teletrap_fun,
          nicolae_overflow_hidden_temple, fedhas_altar_1, uniq_robin,
          uniq_crazy_yiuf_cottage
D:3:      layout_loops_ring
D:4:      layout_basic, kennysheep_mini, nicolae_overflow_crystal_walls,
          eat_drink_and_be_merry_uskayaw, lemuel_doored_altar, serial_shops,
          shop_statue, uniq_natasha
D:5:      layout_loops_ring, old_standard_altar, minmay_temple_entry_offerings
D:6:      layout_rooms, chequers_decorated_corner, roderic_roman_lattice,
          st_stairs_5, nicolae_tso_swordbearing_angel
D:7:      layout_basic, kennysheep_little_box, serial_shops, shop, uniq_joseph
D:8:      layout_basic, lemuel_crystal_altar, uniq_pikel
D:9:      layout_rooms, lemuel_crystal_altar, kennysheep_mini_moat,
          nemelex_xobeh_ov_fountains_minmay, orc_0_dummy
D:10:     minmay_spotlight, layout_irregular_city, serial_shops, shop
D:11:     nicolae_whirlpool, layout_rooms, david_lair_shrubbed, serial_shops,
          shop
D:12:     layout_roguey, uniq_nessos, uniq_rupert, uniq_sonja
D:13:     layout_roguey, hangedman_vaults_entry_quadrant_bands,
          lemuel_mausoleum_altar_kikubaaqudgha
D:14:     layout_irregular_city, hangedman_decor_slide_cut,
          minmay_misc_feat_tiny, chequers_big_river, lemuel_flame_loot_1
D:15:     gammafunk_depths_entry_grave, layout_loops_cross, serial_shops,
          shop_statue, kennysheep_doodads, minmay_misc_feat_hallway,
          minmay_st_funbox
Temple:   corrupted_temple
Lair:1:   layout_gridlike, portal_ice_cave_entry_ice_beasts
Lair:2:   layout_chaotic_city, nicolae_spider_entry_tight_spaces, uniq_erica
Lair:3:   layout_cave_pods, serial_bayou_shore_a, uniq_gastronok
Lair:4:   beast_lair_carwin_large_4, layout_cave_pods, minmay_shoals_entry_hut
Lair:5:   layout_loops_ring, infiniplex_staircase_pool,
          minmay_lair_oklob_chamber
Lair:6:   evilmike_catoblepas_cave, layout_gridlike, dpeg_slime_entry_corner,
          serial_rivers, chequers_serial_rivers_micro_e,
          chequers_serial_rivers_small_b, chequers_serial_rivers_micro_d,
          chequers_serial_rivers_room_a, chequers_serial_rivers_room_b,
          uniq_snorg
Shoals:1: layout_shoals, nicolae_shoals_this_corrosion
Shoals:2: layout_shoals, uniq_louise
Shoals:3: layout_shoals, abandoned_shop, uniq_mara
Shoals:4: shoals_end_grunt_ice, layout_shoals, serial_shops, bzr_entry_road,
          lemuel_centaur_altar, uniq_roxanne
Spider:1: layout_spider_delve, uniq_nikola, uniq_josephine, uniq_azrael
Spider:2: layout_chambers, nicolae_spider_webbed_stairs
Spider:3: layout_spider_delve, nicolae_spider_cling_halls
Spider:4: floodkiller_spider_rune_tomb, nicolae_orb_island
Orc:1:    layout_diamond_mine, serial_shops, shop
Orc:2:    grunt_orc_community_town_hall, layout_caves,
          grunt_orc_community_big_house_2, grunt_orc_community_big_house_1,
          grunt_orc_community_house_2, grunt_orc_community_house_1,
          grunt_orc_community_house_3, grunt_orc_community_house_1,
          grunt_orc_community_house_1, basic_altar, uniq_donald
Vaults:1: v_misc_9, v_misc_4, vaults_dpeg_hooks, vaults_mumra_lcd,
          hangedman_vaults_impose, hangedman_vaults_unwind,
          hangedman_vaults_slice, vaults_room_grunt_arrival_ludios,
          layout_vaults_big_room, serial_shops, nicolae_shop_stone
Vaults:2: v_alt_pattern_2, hangedman_vaults_stretched_pinwheel,
          hangedman_vaults_locks, dpeg_vaults_pockets_of_resistance,
          ontoclasm_vaults_ring_large, v_rooms_3, ontoclasm_vaults_chip,
          v_alt_pattern_4, hangedman_vaults_maws, nicolae_vaults_triangles,
          layout_vaults_omnigrid, serial_shops, shop_fountains, enter_trove_1,
          uniq_frederick
Vaults:3: hangedman_vaults_stitches, hangedman_vaults_capsules,
          minmay_crypt_entry_simple_round, v_alt_pattern_1,
          ontoclasm_vaults_spin, v_alt_pattern_6, vaults_room_large_hall,
          ontoclasm_vaults_eye, nicolae_vaults_network_periphery,
          nicolae_vaults_specimen_jars, vaults_room_guarded_vault,
          layout_vaults_omnibox, serial_shops, bzr_entry_dummy
Vaults:4: hangedman_vaults_restitches, grunt_vaults_bifocal,
          hangedman_vaults_variations, v_misc_28, ontoclasm_vaults_chip,
          st_hourglassy, v_misc_12, nicolae_vaults_little_squares_6,
          nicolae_vaults_little_squares_3, v_misc_25,
          nicolae_vaults_little_squares_3, vaults_mumra_hex, layout_vaults_ring,
          serial_shops, statue_bzr
Depths:1: layout_cross, hell_entry, minmay_crystal_water, glass_columns_c,
          minivault_1, minivault_1, kennysheep_generic_room_10,
          minmay_shoptagon, uniq_saint_roka
Depths:2: minmay_connected_triangles_in_corner, layout_basic, hell_entry,
          small_statue_intersection, hangedman_decor_opposing,
          minmay_misc_feat_five, infiniplex_staircase_diamond, uniq_enchantress
Depths:3: cell_vault, layout_basic, pan_entry, pf_hell_entry_tar_spiral,
          biasface_ghost_demon_polymorph, hangedman_decor_points, sword_in_stone
Depths:4: minmay_the_grid_3x2 [minmay_the_grid_outer_diamond,
          minmay_the_grid_dragon_a, minmay_the_grid_plusring,
          minmay_the_grid_stretched_grid, minmay_the_grid_mess,
          minmay_the_grid_prize_four_corners_diamond_a], layout_gridlike,
          hell_entry, serial_sigils_hangedman_snap,
          nicolae_abyss_entry_one_way_or_another, ebering_ghost_rock_garden,
          hangedman_abyss_or_decor_lesser_grid, infiniplex_staircase_zigzag_1
Depths:5: grunt_crosshair, layout_basic, enter_ziggurat_b, grunt_mini_vestibule,
          minmay_hedge_maze
Zot:1:    layout_misc_corridors
Zot:2:    layout_gridville
Zot:3:    nicolae_zot_stationary_front, layout_onion_interference
Zot:4:    lemuel_firehouse, layout_cathedral_of_symmetry
Zot:5:    layout_misc_corridors, st_stairs_8

Skill      XL: |  1  2  3  4  5  6  7  8  9 10 11 12 13 14 15 16 17 18 19 20 21 22 23 |
---------------+----------------------------------------------------------------------+-----
Unarmed Combat | 4 5 6 8 9 11 12 13 14 16 19 22 23 25 | 25.0
Dodging        | 3 4 6 7 8 10 12 14 16 17 20 22 | 22.0
Poison Magic   | 1 |  1.0
Transmutations | 3 4 6 8 |  8.0
Fighting       | 2 3 4 5 6 7 8 10 12 13 15 17 18 | 18.0
Evocations     | 1 2 4 7 |  7.5
Spellcasting   | 3 4 5 8 9 10 12 | 12.1
Hexes          | 3 4 5 6 8 |  8.6
Ice Magic      | 2 4 |  4.0
Conjurations   | 2 |  2.4
Fire Magic     | 2 |  2.4
Summonings     | 4 7 10 11 | 11.8
Earth Magic    | 6 8 |  8.6
Translocations | 4 9 |  9.7
Stealth        | 15 | 15.0

Action                   |  1- 3 |  4- 6 |  7- 9 | 10-12 | 13-15 | 16-18 | 19-21 | 22-24 || total
-------------------------+-------+-------+-------+-------+-------+-------+-------+-------++-------
Melee: Unarmed           |   122 |   188 |   448 |   643 |  1336 |  1342 |  1231 |   493 ||  5803
       Bite              |     8 |    13 |     7 |     2 |   136 |   171 |   151 |    49 ||   537
       Punch             |     3 |     2 |     6 |     1 |    63 |   126 |   131 |    44 ||   376
       Headbutt          |     8 |    13 |     1 |       |       |       |       |       ||    22
 Cast: Beastly Appendage |    23 |    24 |     2 |       |       |       |       |       ||    49
       Spider Form       |       |    12 |    40 |    43 |    13 |       |       |       ||   108
       Slow              |       |       |    13 |    17 |     8 |     5 |       |       ||    43
       Ice Form          |       |       |     5 |    29 |     6 |     2 |       |       ||    42
       Conjure Flame     |       |       |       |    36 |     4 |       |       |       ||    40
       Summon Mana Viper |       |       |       |    17 |    51 |    33 |    32 |    19 ||   152
       Apportation       |       |       |       |       |    14 |       |       |    11 ||    25
       Statue Form       |       |       |       |       |    94 |   120 |   100 |    41 ||   355
       Summon Forest     |       |       |       |       |     7 |    16 |    12 |     3 ||    38
       Shadow Creatures  |       |       |       |       |       |       |    10 |     8 ||    18
       Irradiate         |       |       |       |       |       |       |     5 |    12 ||    17
       Invisibility      |       |       |       |       |       |       |     3 |    11 ||    14
       Passage of Golubr |       |       |       |       |       |       |       |    11 ||    11
       Dragon Form       |       |       |       |       |       |       |       |     1 ||     1
Invok: Curse Item        |       |       |     3 |       |       |       |       |     1 ||     4
       Scrying           |       |       |       |     2 |     3 |       |       |    12 ||    17
 Abil: End Transformatio |       |       |     7 |     8 |     3 |     1 |       |     8 ||    27
Evoke: Wand              |       |       |     1 |    10 |    11 |    19 |    17 |    20 ||    78
       Condenser vane    |       |       |       |     3 |     5 |     5 |     3 |     2 ||    18
       Tin of tremorston |       |       |       |       |     8 |    12 |    14 |     4 ||    38
       Box of beasts     |       |       |       |       |       |       |       |     1 ||     1
  Use: Potion            |     2 |       |     1 |     8 |     3 |     2 |     3 |    20 ||    39
       Scroll            |     3 |     5 |     5 |     5 |     6 |    17 |     7 |    20 ||    68
 Stab: Sleeping          |     2 |     2 |     4 |     1 |     6 |     2 |     2 |     7 ||    26
       Distracted        |       |       |     1 |       |     9 |     3 |     9 |    10 ||    32
       Paralysed         |       |       |       |     2 |       |     1 |     4 |       ||     7
       Held in net/web   |       |       |       |       |       |     1 |       |       ||     1
       Invisible         |       |       |       |       |       |       |    14 |    36 ||    50
Armor: Skin              |     5 |     9 |    28 |    78 |   299 |   391 |   303 |   116 ||  1229
Dodge: Dodged            |    89 |   128 |   416 |   582 |  2203 |  2657 |  1964 |   754 ||  8793

Table legend: (Time is in decaauts)
 A = Elapsed time spent in this place.
 B = Non-inter-level travel time spent in this place.
 C = Inter-level travel time spent in this place.
 D = Time resting spent in this place.
 E = Time spent auto-exploring this place.
 F = Levels seen in this place.
 G = Mean time per level.
                   A        B        C        D        E       F      G
               +--------+--------+--------+--------+--------+-----+--------+
         Total |  74924 |  71458 |   3466 |  20294 |  28040 |  55 | 1362.3 |
       Dungeon |  23059 |  21152 |   1907 |   5904 |   7222 |  15 | 1537.3 |
        Temple |     20 |     12 |      8 |      0 |      0 |   1 |   20.0 |
          Lair |  13238 |  12486 |    752 |   4524 |   4510 |   6 | 2206.3 |
        Shoals |   6651 |   6489 |    162 |   1892 |   2702 |   4 | 1662.8 |
   Spider Nest |   5744 |   5614 |    130 |   1100 |   2747 |   4 | 1436.0 |
  Orcish Mines |   2770 |   2703 |     67 |    640 |   1106 |   2 | 1385.0 |
        Vaults |   8368 |   8181 |    187 |   1506 |   4501 |   4 | 2092.0 |
        Depths |   9180 |   8981 |    199 |   2186 |   4841 |   5 | 1836.0 |
           Zot |   4490 |   4438 |     52 |   2492 |      0 |   5 |  898.0 |
         Abyss |    749 |    749 |      0 |      0 |      0 |   4 |  187.2 |
        Bazaar |    538 |    538 |      0 |      0 |    404 |   3 |  179.3 |
         Trove |     36 |     36 |      0 |      0 |      4 |   1 |   36.0 |
      Ice Cave |     75 |     75 |      0 |     46 |      0 |   1 |   75.0 |
               +--------+--------+--------+--------+--------+-----+--------+

Top non-repeatable levels by time:
  Lair:2: 3597 daAuts
Vaults:2: 3531 daAuts
Depths:4: 3175 daAuts
    D:15: 2885 daAuts
   Zot:5: 2527 daAuts
     D:1: 2478 daAuts
  Lair:6: 2399 daAuts
Depths:3: 2382 daAuts
  Lair:4: 2360 daAuts
  Lair:1: 2280 daAuts
Shoals:3: 2085 daAuts
   Orc:2: 2037 daAuts
Spider:4: 1981 daAuts
Shoals:4: 1822 daAuts
Spider:2: 1705 daAuts
